[Event "fics rated crazyhouse match"]
[Site "fics, Oklahoma City, OK USA"]
[Date "2000.01.23"]
[White "LINDEGREN"]
[WhiteElo "2294"]
[Black "Anky"]
[BlackElo "2314"]
[TimeControl "60+0"]
[Result "0-1"]

1. e4 e6 2. Nc3 Nc6 3. d4 Nf6 4. Nf3 Bb4 5. Bd3 d5 6. exd5 
Nxd5 7. Bd2 Qe7 8. Nxd5 Bxd2+ 9. Qxd2 exd5+ 10. P@e5 P@e4 11. Ng5 exd3 
12. cxd3 Nxd4 13. B@a4+ B@c6 14. Bxc6+ bxc6 15. B@e3 N@c2+ 16. Kf1 Nxe3+ 17. fxe3 
P@h3 18. Nxh3 Bxh3 19. gxh3 Nf3 20. Qf2 N@d2+ 21. Ke2 B@a6 22. P@c2 Nxe5 
23. N@f5 B@h5+ 24. Kxd2 Nf3+ 25. Kc1 P@d2+ 26. Kb1 Qf6 27. Nxg7+ Qxg7 28. N@f5 
Qf6 29. N@g7+ Kd7 30. B@g4 Bxg4 31. hxg4 B@e6 32. Qxf3 Bxf5 33. N@c5+ Kc8 
34. Nxf5 N@a3+ 35. bxa3 N@c3+ 36. Kb2 Na4+ 37. Kb3 Nxc5+ 38. Kb4 Rb8+ 39. P@b7+ 
Rxb7+ 40. Kxc5 N@a4# 
{LINDEGREN checkmated} 0-1

[Event "fics rated crazyhouse match"]
[Site "fics, Oklahoma City, OK USA"]
[Date "2000.01.23"]
[White "Anky"]
[WhiteElo "2324"]
[Black "LINDEGREN"]
[BlackElo "2286"]
[TimeControl "60+0"]
[Result "1-0"]

1. e4 e6 2. d4 Nf6 3. e5 Ne4 4. f3 Qh4+ 5. g3 Nxg3 6. hxg3 
Qxg3+ 7. N@f2 P@h2 8. Ne2 Qh4 9. Bf4 Qh5 10. Rxh2 Qxf3 11. P@g2 Qc6 
12. Nbc3 Na6 13. Ng3 Nb4 14. Bb5 Qb6 15. Qd2 a6 16. Bc4 P@d5 17. Bb3 
d6 18. exd6 cxd6 19. P@c5 dxc5 20. Na4 Qd8 21. dxc5 d4 22. O-O-O P@e3 
23. Bxe3 P@a3 24. Qxd4 axb2+ 25. Kd2 Qxd4+ 26. Bxd4 Nd5 27. Bxd5 P@c3+ 28. Nxc3 
P@e3+ 29. Bxe3 Be7 30. N@c7+ Kd7 31. Bxe6+ fxe6 32. Ke1# 
{LINDEGREN forfeits on time} 1-0

[Event "fics rated crazyhouse match"]
[Site "fics, Oklahoma City, OK USA"]
[Date "2000.01.23"]
[White "LINDEGREN"]
[WhiteElo "2279"]
[Black "Anky"]
[BlackElo "2333"]
[TimeControl "60+0"]
[Result "1-0"]

1. e4 e6 2. Nf3 Nc6 3. d4 Nf6 4. Bd3 d5 5. e5 Ne4 6. O-O 
Be7 7. c3 O-O 8. Re1 f5 9. exf6 Bxf6 10. P@e5 Be7 11. Bxe4 dxe4 
12. Rxe4 B@d5 13. Rg4 P@g6 14. P@e4 Bxe4 15. Rxe4 P@d5 16. Re1 Qe8 17. B@h6 
gxh6 18. Bxh6 Qf7 19. Bxf8 Qxf8 20. P@f6 Bxf6 21. exf6 Qxf6 22. B@g5 Qf7 
23. N@f6+ Kf8 24. R@h8+ Ke7 25. Nxd5+ Kd7 26. P@b5 a6 27. bxc6+ Kxc6 28. Ne5+ 
Kxd5 29. c4+ Kd6 30. N@e4# 
{Anky checkmated} 1-0

[Event "fics rated crazyhouse match"]
[Site "fics, Oklahoma City, OK USA"]
[Date "2000.01.23"]
[White "roboRPETE"]
[WhiteElo "2359"]
[Black "Gobi"]
[BlackElo "2308"]
[TimeControl "0+1"]
[Result "0-1"]

1. e4 d6 2. Bb5+ c6 3. Bd3 Nf6 4. Nc3 e5 5. Nf3 Be7 6. Qe2 
O-O 7. Bc4 Bg4 8. d3 Nbd7 9. Be3 a6 10. d4 b5 11. Bb3 exd4 
12. Bxd4 P@e5 13. Be3 a5 14. P@g5 Nh5 15. Rd1 Nf4 16. Bxf4 exf4 17. N@f5 
B@h5 18. O-O Bxf3 19. Nxe7+ Qxe7 20. gxf3 N@h3+ 21. Kg2 Nxg5 22. B@g4 Bxg4 
23. Bxf7+ Qxf7 24. Rxd6 B@h3+ 25. Kg1 Bxf3 26. Qd3 Bxe4 27. Nxe4 B@f3 28. Nxg5 
N@e2+ 29. Qxe2 Bxe2 30. Nxh3 P@g2 31. Kxg2 P@f3+ 32. Kg1 Q@g2# 
{roboRPETE checkmated} 0-1

[Event "fics rated crazyhouse match"]
[Site "fics, Oklahoma City, OK USA"]
[Date "2000.01.23"]
[White "Gobi"]
[WhiteElo "2317"]
[Black "roboRPETE"]
[BlackElo "2350"]
[TimeControl "0+1"]
[Result "1-0"]

1. e4 Nf6 2. Nc3 d5 3. exd5 Nxd5 4. Nf3 Nc6 5. Bb5 Be6 6. O-O 
Nxc3 7. bxc3 N@e4 8. Re1 P@f5 9. N@d4 Qd6 10. Bxc6+ bxc6 11. N@b7 Qd7 
12. Ne5 Qc8 13. Na5 c5 14. Nb5 B@d6 15. P@b7 Qd8 16. bxa8=Q Qxa8 17. Nxf7 
Kxf7 18. P@b7 Qd8 19. Nc6 Bxh2+ 20. Kxh2 P@g3+ 21. fxg3 N@g4+ 22. Qxg4 Qd5 
23. P@e5 fxg4 24. N@g5+ Nxg5 25. B@h5+ Kg8 26. Nbd4 cxd4 27. Nxd4 Qxd4 28. cxd4 
Q@f3 29. gxf3 Nxf3+ 30. Kh1 P@g2+ 31. Kxg2 Nxe1+ 32. Kf2 R@f5+ 33. P@f4 N@d3+ 
34. cxd3 Nxd3+ 35. Ke3 Bxa2 36. Rxa2 Rxh5 37. P@f7+ Kxf7 38. N@d8+ Ke8 39. B@f7+ 
Kxd8 40. Q@e8# 
{roboRPETE checkmated} 1-0

[Event "fics rated crazyhouse match"]
[Site "fics, Oklahoma City, OK USA"]
[Date "2000.01.23"]
[White "BLUNDERMONSTER"]
[WhiteElo "2287"]
[Black "asprilla"]
[BlackElo "2310"]
[TimeControl "180+0"]
[Result "1-0"]

1. e4 e6 2. Nf3 d5 3. exd5 exd5 4. d4 Nc6 5. Bb5 a6 6. Qe2+ 
P@e4 7. Bxc6+ bxc6 8. Ne5 Bd7 9. Nxd7 Qxd7 10. N@e5 Qd6 11. P@b7 Rb8 
12. B@d7+ Qxd7 13. Nxd7 Kxd7 14. Qxa6 N@b4 15. Qe2 Nf6 16. a3 B@d3 17. cxd3 
exd3 18. B@c8+ Kd8 19. Bg5 dxe2 20. Q@d7# 
{asprilla checkmated} 1-0

[Event "fics rated crazyhouse match"]
[Site "fics, Oklahoma City, OK USA"]
[Date "2000.01.23"]
[White "asprilla"]
[WhiteElo "2135"]
[Black "BLUNDERMONSTER"]
[BlackElo "2295"]
[TimeControl "180+0"]
[Result "0-1"]

1. e4 e6 2. Nc3 Nc6 3. d4 Bb4 4. Nf3 Nf6 5. Bd3 d5 6. e5 
Ne4 7. Bd2 Nxf2 8. Kxf2 Nxd4 9. Nxd4 Qh4+ 10. g3 Qxd4+ 11. Be3 N@g4+ 
12. Qxg4 Qxg4 13. h3 Q@f3# 
{asprilla resigns} 0-1

[Event "fics rated crazyhouse match"]
[Site "fics, Oklahoma City, OK USA"]
[Date "2000.01.23"]
[White "Firefly"]
[WhiteElo "2547"]
[Black "PureBugger"]
[BlackElo "2375"]
[TimeControl "120+0"]
[Result "1-0"]

1. e4 e6 2. Nc3 d6 3. d4 Nf6 4. Bd3 Nc6 5. Nge2 Be7 6. f3 
O-O 7. O-O e5 8. d5 Nd4 9. Be3 Nxe2+ 10. Nxe2 Nh5 11. N@g3 Nxg3 
12. Nxg3 N@f4 13. N@f5 Bxf5 14. Nxf5 Nxd3 15. cxd3 B@f4 16. B@f2 N@g6 17. N@h3 
Bxe3 18. Bxe3 B@g5 19. B@d2 Bxe3+ 20. Bxe3 B@g5 21. B@d2 Bxe3+ 22. Bxe3 B@g5 
23. B@d2 Bxe3+ 24. Bxe3 B@g5 25. B@f2 Bxe3 26. Bxe3 B@g5 27. Nxg5 Bxg5 28. B@f2 
Bxe3 29. Bxe3 B@f4 30. Bxf4 exf4 31. B@d4 B@e5 32. B@f2 Bxd4 33. Bxd4 N@a6 
34. Bxg7 B@f6 35. Bxf6 Qxf6 36. B@c3 B@e5 37. B@g7 Qxg7 38. Nxg7 Kxg7 39. Bxe5+ 
dxe5 40. B@g5 B@d4+ 41. B@f2 Bxf2+ 42. Rxf2 f6 43. B@h6+ Kf7 44. Q@g7+ Ke8 
45. Qxh7 B@f7 46. Bxf8 Nxf8 47. Qxf7+ Kxf7 48. P@e6+ Kg6 49. B@f5+ Kxg5 50. h4+ 
Kxh4 51. g3+ fxg3 52. R@h3+ Kg5 53. f4# 
{PureBugger resigns} 1-0

[Event "fics rated crazyhouse match"]
[Site "fics, Oklahoma City, OK USA"]
[Date "2000.01.23"]
[White "venomous"]
[WhiteElo "2432"]
[Black "Firefly"]
[BlackElo "2551"]
[TimeControl "120+0"]
[Result "1-0"]

1. e4 e6 2. d4 Nc6 3. Be3 Nf6 4. Bd3 d5 5. e5 Ne4 6. Nh3 
Be7 7. O-O f6 8. Qh5+ g6 9. Qh6 Bf8 10. Qf4 g5 11. Qf3 fxe5 
12. Bxe4 dxe4 13. N@f6+ Ke7 14. Nxe4 P@f5 15. Bxg5+ Kd7 16. Bxd8 fxe4 17. Qf7+ 
Be7 18. Bxe7 Nxe7 19. P@f6 N@c6 20. fxe7 Nxe7 21. P@f6 B@d6 22. fxe7 Bxe7 
23. B@f6 B@d6 24. Bxh8 exd4 25. Q@e8# 
{Firefly checkmated} 1-0

[Event "fics rated crazyhouse match"]
[Site "fics, Oklahoma City, OK USA"]
[Date "2000.01.23"]
[White "Firefly"]
[WhiteElo "2540"]
[Black "venomous"]
[BlackElo "2443"]
[TimeControl "120+0"]
[Result "0-1"]

1. e4 e6 2. Nc3 Nc6 3. d4 Nf6 4. e5 Nd5 5. Nxd5 exd5 6. Nf3 
d6 7. Bb5 Bd7 8. Qe2 Be7 9. N@h5 N@f5 10. Bxc6 Bxc6 11. N@f6+ gxf6 
12. exf6 N@e4 13. fxe7 Qxe7 14. B@g3 B@g4 15. P@f6 Qd7 16. Ng7+ Kd8 17. Nxf5 
Qxf5 18. Rg1 Re8 19. N@e3 Bxf3 20. gxf3 Qxf6 21. B@h4 P@g5 22. Bxg5 Nxg5 
23. Bh4 N@h3 24. Rg3 B@a6 25. P@d3 N@f4 26. Bxg5 Nxg5 27. N@g4 Nxe2 28. Nxf6 
Nxg3 29. hxg3 R@h1+ 30. N@f1 Nxf3+ 31. Ke2 Nxd4+ 32. Kd2 B@b4+ 33. c3 Q@e2# 
{Firefly checkmated} 0-1

[Event "fics rated crazyhouse match"]
[Site "fics, Oklahoma City, OK USA"]
[Date "2000.01.23"]
[White "venomous"]
[WhiteElo "2453"]
[Black "Firefly"]
[BlackElo "2530"]
[TimeControl "120+0"]
[Result "1-0"]

1. e4 e6 2. d4 Nc6 3. Be3 Nf6 4. Bd3 d5 5. e5 Ne4 6. Nh3 
Bb4+ 7. c3 Be7 8. O-O f5 9. Qh5+ g6 10. Qe2 O-O 11. f3 Rf7 
12. fxe4 dxe4 13. Bxe4 fxe4 14. Rxf7 Kxf7 15. P@f6 Bxf6 16. exf6 Qxf6 17. Ng5+ 
Ke7 18. N@g8+ Kd8 19. Nxf6 B@d7 20. Q@f8# 
{Firefly resigns} 1-0

[Event "fics rated crazyhouse match"]
[Site "fics, Oklahoma City, OK USA"]
[Date "2000.01.23"]
[White "Firefly"]
[WhiteElo "2520"]
[Black "venomous"]
[BlackElo "2463"]
[TimeControl "120+0"]
[Result "1-0"]

1. e4 e6 2. Nc3 Nc6 3. d4 Nf6 4. e5 Nd5 5. Nf3 d6 6. Bd3 
Nxd4 7. Nxd4 dxe5 8. Nf3 Nxc3 9. bxc3 P@f6 10. Be3 N@b2 11. Bb5+ P@c6 
12. Qxd8+ Kxd8 13. Be2 Bd6 14. O-O Bd7 15. Rab1 Na4 16. Rxb7 Nxc3 17. Ba6 
P@e2 18. Re1 e4 19. Nd4 Q@d1 20. Q@d2 Qxd2 21. Bxd2 Q@e5 22. N@f3 exf3 
23. Nxf3 Qa5 24. Bxc3 Qxa6 25. Rbb1 B@d5 26. P@b7 Rb8 27. P@h6 Bxf3 28. hxg7 
Rg8 29. Bxf6+ N@e7 30. Q@f8+ Rxf8 31. gxf8=Q+ N@e8 32. Bxe7+ Bxe7 33. Qxe7+ Kxe7 
34. N@g8+ Kf8 35. B@h6+ P@g7 36. P@e7# 
{venomous resigns} 1-0

[Event "fics rated crazyhouse match"]
[Site "fics, Oklahoma City, OK USA"]
[Date "2001.01.23"]
[White "spurs"]
[WhiteElo "2227"]
[Black "BarryWhite"]
[BlackElo "2384"]
[TimeControl "120+0"]
[Result "0-1"]

1. d4 e6 2. Nf3 d5 3. Nc3 Nc6 4. Bg5 f6 5. Bh4 Nh6 6. e3 
Nf5 7. Bb5 Bd7 8. Bxc6 Bxc6 9. Bg3 Bd6 10. Bxd6 cxd6 11. O-O B@e4 
12. B@e2 O-O 13. Nxe4 dxe4 14. Nd2 N@h4 15. N@f4 Nxg2 16. Nxg2 P@f3 17. Nxf3 
exf3 18. Bxf3 Bxf3 19. Qxf3 B@c6 20. e4 Nxd4 21. Qg4 B@f3 22. Qg3 N@e2+ 
23. Kh1 Nxg3+ 24. fxg3 Bxg2+ 25. Kxg2 Bxe4+ 26. P@f3 N@e3+ 27. Kf2 Q@e2# 
{spurs resigns} 0-1

[Event "fics rated crazyhouse match"]
[Site "fics, Oklahoma City, OK USA"]
[Date "2001.01.23"]
[White "KnightDog"]
[WhiteElo "2322"]
[Black "LINDEGREN"]
[BlackElo "2376"]
[TimeControl "60+0"]
[Result "1-0"]

1. e4 Nf6 2. Nc3 Nc6 3. d4 d5 4. e5 Ne4 5. Bd3 Nxc3 6. bxc3 
e6 7. Ne2 N@e4 8. O-O Be7 9. f3 Ng5 10. N@h5 Bf8 11. Qd2 h6 
12. h4 Nh7 13. Bxh7 Rxh7 14. Nxg7+ Bxg7 15. P@f6 Bf8 16. Ng3 B@g6 17. h5 
Bf5 18. Nxf5 exf5 19. B@g7 Bxg7 20. fxg7 N@g8 21. B@f8 N@e6 22. Qf2 B@g5 
23. Bxg5 hxg5 24. N@f6+ Nxf6 25. exf6 N@g8 26. B@e7 Ncxe7 27. fxe7 Qd7 28. N@e5 
Qd6 29. f4 gxf4 30. Qxf4 B@h6 31. P@g6 Nxf4 32. gxf7# 
{LINDEGREN checkmated} 1-0

[Event "fics rated crazyhouse match"]
[Site "fics, Oklahoma City, OK USA"]
[Date "2001.01.23"]
[White "LINDEGREN"]
[WhiteElo "2367"]
[Black "KnightDog"]
[BlackElo "2340"]
[TimeControl "60+0"]
[Result "0-1"]

1. e4 e6 2. Nc3 Nc6 3. d4 Bb4 4. Nf3 Nf6 5. Bd3 d5 6. exd5 
exd5 7. Qe2+ P@e4 8. P@g5 Qe7 9. gxf6 gxf6 10. N@g7+ Kd8 11. O-O exf3 
12. Qxf3 Bxc3 13. Qxd5+ N@d6 14. bxc3 Rg8 15. B@h6 Be6 16. Qf3 N@h4 17. Qg3 
Ndf5 18. Bxf5 Nxf5 19. Qd3 Nxg7 20. d5 Ne5 21. Qb5 P@f3 22. N@f4 Nh5 
23. Qxb7 Rxg2+ 24. Kh1 Rxh2+ 25. Kxh2 Ng4+ 26. Kh3 Nxf2+ 27. Kh4 P@g5+ 28. Bxg5 
fxg5+ 29. Kxh5 P@g6+ 30. Kh6 B@f8+ 31. P@g7 Bxg7+ 32. Kxg7 B@f8+ 33. Kh8 f6 
34. Qxa8+ Kd7 35. N@c6 Kd6 
{LINDEGREN forfeits on time} 0-1

[Event "fics rated crazyhouse match"]
[Site "fics, Oklahoma City, OK USA"]
[Date "2001.01.23"]
[White "KnightDog"]
[WhiteElo "2356"]
[Black "LINDEGREN"]
[BlackElo "2358"]
[TimeControl "60+0"]
[Result "0-1"]

1. e4 Nf6 2. Nc3 Nc6 3. d4 d5 4. exd5 Nxd5 5. Nf3 e6 6. Bd3 
Bb4 7. Bd2 Qe7 8. P@e4 Bxc3 9. bxc3 N@f4 10. Rg1 Nxd3+ 11. cxd3 B@b2 
12. exd5 exd5+ 13. B@e5 Bxa1 14. Qxa1 P@g4 15. B@a4 gxf3 16. N@h5 N@f5 17. gxf3 
Bd7 18. Bxc6 Bxc6 19. P@e4 dxe4 20. dxe4 P@c2 21. Ke2 B@a6+ 22. P@d3 Bxe4 
23. fxe4 O-O-O 24. exf5 f6 25. B@e4 fxe5 26. Rxg7 P@f7 27. f6 Qd6 28. Qb2 
R@b1 29. Qxc2 B@d1+ 30. Qxd1 Rxd1 31. N@b6+ cxb6 32. P@d7+ Rxd7 
{KnightDog forfeits on time} 0-1

[Event "fics rated crazyhouse match"]
[Site "fics, Oklahoma City, OK USA"]
[Date "2001.01.23"]
[White "Blechkiste"]
[WhiteElo "2509"]
[Black "LINDEGREN"]
[BlackElo "2366"]
[TimeControl "180+0"]
[Result "1-0"]

1. e4 Nf6 2. Nc3 Nc6 3. d4 d5 4. e5 Ne4 5. Nxe4 dxe4 6. Be3 
N@f5 7. Bb5 Nxe3 8. fxe3 e6 9. N@h5 B@h4+ 10. g3 Bg5 11. N@g4 Bd7 
12. h4 Bge7 13. Be2 Bb4+ 14. c3 Bbe7 15. Nf2 Nxe5 16. dxe5 Bc6 17. N@d4 
P@d3 18. Bf1 Bd5 19. Bg2 Bc5 20. Rc1 Bxd4 21. cxd4 N@f5 22. B@d2 Rg8 
23. Qa4+ c6 24. Nxe4 Bxe4 25. Bxe4 N@d5 26. Qb3 Rb8 27. Qxd3 g6 28. Bxd5 
gxh5 29. P@c7 Qxc7 30. N@f6+ Kd8 31. Nxg8 exd5 32. Qxf5 B@e6 33. B@g5+ P@e7 
34. Qxh7 Qb6 35. P@d6 Kd7 36. N@c5# 
{LINDEGREN resigns} 1-0

[Event "fics rated crazyhouse match"]
[Site "fics, Oklahoma City, OK USA"]
[Date "2001.01.23"]
[White "LINDEGREN"]
[WhiteElo "2361"]
[Black "Blechkiste"]
[BlackElo "2514"]
[TimeControl "180+0"]
[Result "0-1"]

1. e4 e6 2. Nc3 Nc6 3. d4 Bb4 4. Nf3 Nf6 5. Bd3 d5 6. exd5 
Nxd5 7. Bd2 Nxc3 8. bxc3 N@b2 9. Qe2 P@g4 10. N@h5 gxf3 11. Nxg7+ Kf8 
12. Qxf3 Nxd4 13. cxd4 Bxd2+ 14. Kxd2 Nxd3 15. Qxd3 Qg5+ 16. B@e3 P@f4 17. P@g3 
fxe3+ 18. fxe3 Qxg7 19. N@h5 B@b4+ 20. c3 Bxc3+ 21. Kxc3 N@d5+ 22. Kb2 P@c3+ 
23. Kc1 B@d2+ 24. Kd1 N@b2+ 25. Ke2 Nxd3 26. N@e4 N3f4+ 27. gxf4 B@c4# 
{LINDEGREN resigns} 0-1

[Event "fics rated crazyhouse match"]
[Site "fics, Oklahoma City, OK USA"]
[Date "2001.01.23"]
[White "Blechkiste"]
[WhiteElo "2519"]
[Black "LINDEGREN"]
[BlackElo "2356"]
[TimeControl "180+0"]
[Result "1-0"]

1. e4 Nf6 2. Nc3 d5 3. exd5 Nxd5 4. d4 e6 5. Nxd5 exd5 6. Nf3 
Bb4+ 7. c3 Qe7+ 8. P@e5 Bd6 9. Be2 P@g4 10. exd6 cxd6 11. Ng1 N@h4 
12. Kf1 P@h3 13. g3 Nf5 14. Ke1 h5 15. B@b3 Be6 16. N@f4 Nxd4 17. Qxd4 
P@g2 18. Qxg7 Rf8 19. N@f6+ Kd8 20. Nxe6+ fxe6 21. P@c7# 
{LINDEGREN resigns} 1-0

[Event "fics rated crazyhouse match"]
[Site "fics, Oklahoma City, OK USA"]
[Date "2001.01.23"]
[White "LINDEGREN"]
[WhiteElo "2351"]
[Black "KnightDog"]
[BlackElo "2342"]
[TimeControl "60+0"]
[Result "0-1"]

1. e4 e6 2. Nc3 Nc6 3. d4 Bb4 4. e5 Nf6 5. exf6 Qxf6 6. Nf3 
P@e4 7. N@h5 Qg6 8. Nh4 Bxc3+ 9. bxc3 N@f3+ 10. Nxf3 Qxh5 11. N@g3 Qg4 
12. B@h3 Qg6 13. Nh4 Qf6 14. Nxe4 Qxh4 15. Bd3 d5 16. Ng3 N@e4 17. O-O 
Nxc3 18. Qe1 Nxd4 19. f3 N@e2+ 20. Nxe2 Ndxe2+ 21. Bxe2 Qxe1 22. Rxe1 Nxe2+ 
23. Rxe2 B@d4+ 24. P@e3 Bxa1 25. N@h5 R@d1+ 26. N@f1 Rxc1 27. N@f6+ Bxf6 28. Nxf6+ 
gxf6 29. B@g7 Rxf1+ 30. Kxf1 Q@h1+ 31. R@g1 N@g3+ 32. hxg3 N@h2+ 33. Kf2 B@e1+ 
34. Rexe1 N@g4+ 35. fxg4 N@e4+ 36. Ke2 Nxg3+ 37. Kd2 P@c3+ 38. Kc1 P@d2+ 39. Kb1 
dxe1=Q+ 40. Rxe1 Qxe1+ 41. Q@c1 Qxc1+ 42. Kxc1 P@d2+ 43. Kd1 Q@c1# 
{LINDEGREN checkmated} 0-1

[Event "fics rated crazyhouse match"]
[Site "fics, Oklahoma City, OK USA"]
[Date "2001.01.23"]
[White "KnightDog"]
[WhiteElo "2356"]
[Black "LINDEGREN"]
[BlackElo "2343"]
[TimeControl "60+0"]
[Result "1-0"]

1. e4 Nf6 2. Nc3 Nc6 3. d4 d5 4. e5 Ne4 5. Bd3 Nxc3 6. bxc3 
e6 7. Ne2 N@e4 8. O-O Be7 9. f3 Ng5 10. N@h5 Bf8 11. h4 h6 
12. hxg5 hxg5 13. Nxg7+ Bxg7 14. P@f6 Bf8 15. N@g7+ Bxg7 16. fxg7 Rg8 17. B@f6 
P@e7 18. Bcxg5 exf6 19. Bxf6 B@e7 20. P@h7 Rxg7 21. h8=Q+ N@f8 22. Bxe7 Nxe7 
23. Qxg7 N@f5 24. Qxf8+ Kxf8 25. P@f6 B@e3+ 26. Kh1 Ng6 27. B@g7+ Nxg7 28. fxg7+ 
Kxg7 29. N@h5+ Kh7 30. N@f6+ Kh6 31. R@h7+ Kg5 32. f4+ Bxf4 33. Nexf4 Nxf4 
34. Rxf4 B@f3 35. B@h4# 
{LINDEGREN checkmated} 1-0

[Event "fics rated crazyhouse match"]
[Site "fics, Oklahoma City, OK USA"]
[Date "2001.01.23"]
[White "LINDEGREN"]
[WhiteElo "2335"]
[Black "KnightDog"]
[BlackElo "2369"]
[TimeControl "60+0"]
[Result "0-1"]

1. e4 e6 2. d4 Nc6 3. Nf3 Nf6 4. Bd3 d6 5. O-O Be7 6. Nc3 
O-O 7. Be3 Ng4 8. Qe2 e5 9. d5 Nd4 10. Nxd4 exd4 11. Bxd4 Bf6 
12. Bxf6 Qxf6 13. N@h5 Qg5 14. Ng3 N@f4 15. Qd2 Nh3+ 16. gxh3 Qxd2 17. B@g2 
Nxf2 18. Rxf2 Qxf2+ 19. Kxf2 B@d4+ 20. P@e3 Q@f4+ 21. N@f3 Bxe3+ 22. Kf1 R@f2+ 
23. Kg1 Rxf3+ 24. Kh1 N@f2# 
{LINDEGREN resigns} 0-1

[Event "fics rated crazyhouse match"]
[Site "fics, Oklahoma City, OK USA"]
[Date "2001.01.23"]
[White "KnightDog"]
[WhiteElo "2380"]
[Black "LINDEGREN"]
[BlackElo "2328"]
[TimeControl "60+0"]
[Result "0-1"]

1. e3 e6 2. d4 d5 3. Nf3 Nc6 4. Nc3 Nf6 5. Bd3 Bb4 6. O-O 
Bd7 7. Ne5 Bxc3 8. bxc3 Ne4 9. f3 Nxc3 10. Qe1 P@b4 11. Nxc6 Bxc6 
12. N@h5 Qg5 13. B@h4 Qxh5 14. Bd2 N@f5 15. Bxc3 Nxh4 16. Bxb4 Nxg2 17. Kxg2 
N@h4+ 18. Qxh4 Qxh4 19. P@h3 P@e4 20. N@e5 exf3+ 21. Rxf3 B@e4 22. Bxe4 dxe4 
23. P@d7+ Bxd7 24. Rg3 P@f3+ 25. Nxf3 exf3+ 26. Rxf3 B@e4 27. B@e2 P@g4 
{KnightDog resigns} 0-1

[Event "fics rated crazyhouse match"]
[Site "fics, Oklahoma City, OK USA"]
[Date "2001.01.23"]
[White "KnightDog"]
[WhiteElo "2366"]
[Black "LINDEGREN"]
[BlackElo "2337"]
[TimeControl "60+0"]
[Result "1-0"]

1. e4 e6 2. d4 d5 3. e5 Ne7 4. Be3 Nf5 5. Nh3 Nc6 6. Be2 
Bb4+ 7. c3 Be7 8. O-O O-O 9. Nd2 f6 10. exf6 Bxf6 11. P@e5 Be7 
12. Bg4 Nxe3 13. fxe3 B@h6 14. Nf4 Beg5 15. N@h5 Bxf4 16. exf4 N@e3 17. Qf3 
Nxf1 18. Rxf1 P@f5 19. Bh3 Nxd4 20. cxd4 P@g4 21. Bxg4 fxg4 22. Qxg4 R@g6 
23. P@g5 B@f5 24. Qg3 Bxg5 25. fxg5 Rxg5 26. Qh4 Rxg2+ 27. Kxg2 Qxh4 28. P@f7+ 
Rxf7 29. R@e8+ Rf8 30. Rxf8+ Kxf8 31. R@h8+ R@g8 32. Rxg8+ Kxg8 33. R@e8+ R@f8 
34. Rxf8+ Kxf8 35. B@a3+ P@d6 36. Bxd6+ cxd6 37. P@e7+ Qxe7 38. R@h8+ R@g8 39. Rxg8+ 
Kxg8 40. N@f6+ gxf6 41. N@h6# 
{LINDEGREN resigns} 1-0

[Event "fics rated crazyhouse match"]
[Site "fics, Oklahoma City, OK USA"]
[Date "2000.01.24"]
[White "stinker"]
[WhiteElo "2261"]
[Black "ACC"]
[BlackElo "2202"]
[TimeControl "120+0"]
[Result "1-0"]

1. e4 d6 2. d4 e6 3. Bd3 Be7 4. e5 d5 5. Nc3 f6 6. Nf3 
Nc6 7. Bf4 f5 8. h3 h6 9. O-O g5 10. Bh2 g4 11. hxg4 fxg4 
12. Nh4 Bxh4 13. Qxg4 P@g5 14. Qh5+ Kd7 15. P@f7 Nge7 16. P@g7 N@g6 17. Bxg6 
Nxg6 18. Qxg6 B@f5 19. N@c5+ Ke7 20. Qf6# 
{ACC checkmated} 1-0

[Event "fics rated crazyhouse match"]
[Site "fics, Oklahoma City, OK USA"]
[Date "2000.01.24"]
[White "ACC"]
[WhiteElo "2195"]
[Black "stinker"]
[BlackElo "2268"]
[TimeControl "120+0"]
[Result "1-0"]

1. Nf3 Nc6 2. d4 d5 3. Nc3 Bf5 4. Bg5 Nf6 5. Bxf6 exf6 6. e3 
Bb4 7. Bb5 B@a5 8. Bxc6+ bxc6 9. O-O Bxc3 10. bxc3 Bxc3 11. B@b7 P@d7 
12. Rb1 Rb8 13. N@a6 B@b5 14. Nxb8 Qxb8 15. R@c8+ Qxc8 16. Bxc8 O-O 17. N@e7+ 
Kh8 18. Nxf5 R@g6 19. Bxd7 Bxf1 20. Qxf1 N@h3+ 21. Kh1 R@g1+ 22. Nxg1 Nxg1 
23. P@e7 Rg8 24. R@f8 N@e6 25. Rxg8+ Kxg8 26. e8=Q+ R@f8 27. Ne7+ Kh8 28. R@g8+ 
Rxg8 29. Qxg8# 
{stinker checkmated} 1-0

[Event "fics rated crazyhouse match"]
[Site "fics, Oklahoma City, OK USA"]
[Date "2000.01.24"]
[White "stinker"]
[WhiteElo "2258"]
[Black "ACC"]
[BlackElo "2205"]
[TimeControl "120+0"]
[Result "0-1"]

1. e4 e6 2. d4 d5 3. e5 f6 4. Nf3 Nc6 5. Bd3 Nge7 6. exf6 
gxf6 7. P@e5 P@g7 8. Nc3 Ng6 9. exf6 gxf6 10. P@g5 P@g7 11. gxf6 gxf6 
12. P@h5 Nge7 13. Bf4 P@e4 14. Bb5 exf3 15. Qxf3 Nf5 16. P@g6 N@h4 17. Qg4 
hxg6 18. hxg6 P@h5 19. Bxc6+ bxc6 20. P@f7+ Ke7 21. N@g8+ Kd7 22. Nxd5 cxd5 
23. Qe2 Nxg2+ 24. Kd1 Nxd4 25. Qd3 B@e2+ 26. Qxe2 Nxe2 27. B@b5+ c6 28. Bxe2 
Nxf4 29. P@g7 Bxg7 30. N@c5+ Kc7 31. Rg1 Nxe2 32. Rg3 Nxg3 33. hxg3 P@e2+ 
34. Kxe2 N@d4+ 35. Kd3 Q@e2+ 36. Kc3 Qc4+ 37. Kd2 Qxc2+ 38. Ke3 R@e2+ 39. Kf4 
P@e5# 
{stinker checkmated} 0-1

[Event "fics rated crazyhouse match"]
[Site "fics, Oklahoma City, OK USA"]
[Date "2000.01.24"]
[White "Tecumseh"]
[WhiteElo "2230"]
[Black "valdushka"]
[BlackElo "2186"]
[TimeControl "180+0"]
[Result "1-0"]

1. e4 Nf6 2. e5 Nd5 3. Nc3 e6 4. Nf3 d6 5. Bc4 Nxc3 6. dxc3 
Nc6 7. Bf4 N@g6 8. Bg5 f6 9. exf6 gxf6 10. Bh4 P@g7 11. O-O Be7 
12. P@h5 Nf4 13. Qd2 Nxh5 14. N@g3 Nxg3 15. Bxg3 O-O 16. N@h5 d5 17. Bb5 
P@g6 18. Bxc6 gxh5 19. Bb5 N@e4 20. Qe2 Bd7 21. Bxd7 Qxd7 22. N@f4 B@g4 
23. Rad1 N@e5 24. Nxe5 Bxe2 25. Nxd7 Bxd1 26. Rxd1 Rfd8 27. Nxh5 Rxd7 28. N@h6# 
{valdushka resigns} 1-0

[Event "fics rated crazyhouse match"]
[Site "fics, Oklahoma City, OK USA"]
[Date "2000.01.24"]
[White "valdushka"]
[WhiteElo "2179"]
[Black "Tecumseh"]
[BlackElo "2237"]
[TimeControl "180+0"]
[Result "0-1"]

1. e4 Nc6 2. d4 d5 3. exd5 Qxd5 4. Nf3 Bg4 5. Be2 Rd8 6. Be3 
e5 7. Nc3 Bb4 8. P@d2 Bxc3 9. bxc3 Bxf3 10. Bxf3 e4 11. Bxe4 Qxe4 
12. B@f3 Qe7 13. Bxc6+ bxc6 14. N@f5 Qf8 15. P@h6 Nxh6 16. Bxh6 B@f6 17. Bxg7 
Bxg7 18. P@e7 Qxe7+ 19. Nxe7 B@d6 20. Nxc6 N@f4 21. B@f3 P@e2 22. Bxe2 Nxg2+ 
23. Kf1 B@h3 24. Kg1 Nf4 25. Q@e4+ P@e6 26. N@h4 P@g2 27. Nxg2 Bxg2 28. Qxg2 
Nxg2 29. Bg4 Nf4 30. P@g2 N@h3+ 31. Bxh3 Nxh3+ 32. gxh3 P@g2 33. Kxg2 N@h4+ 
34. Kf1 Q@g2+ 35. Ke2 Qf3+ 36. Ke1 Qxh1+ 37. B@f1 Qxc6 38. P@g2 Nxg2+ 39. Bxg2 
Qxg2 40. Qe2 N@f3+ 41. Kd1 P@b2 42. Rb1 R@h1# 
{valdushka resigns} 0-1

[Event "fics rated crazyhouse match"]
[Site "fics, Oklahoma City, OK USA"]
[Date "2000.01.24"]
[White "Igy"]
[WhiteElo "2234"]
[Black "Ephemera"]
[BlackElo "2197"]
[TimeControl "180+0"]
[Result "1-0"]

1. e4 e5 2. Nf3 Nc6 3. Bc4 Bc5 4. O-O d6 5. c3 Bg4 6. d4 
exd4 7. Bxf7+ Kxf7 8. Ng5+ Qxg5 9. Bxg5 Bxd1 10. P@e6+ Kxe6 11. Q@f5# 
{Ephemera checkmated} 1-0

[Event "fics rated crazyhouse match"]
[Site "fics, Oklahoma City, OK USA"]
[Date "2000.01.24"]
[White "Ephemera"]
[WhiteElo "2190"]
[Black "Igy"]
[BlackElo "2241"]
[TimeControl "180+0"]
[Result "0-1"]

1. e4 e6 2. d4 Nc6 3. Nf3 Nf6 4. d5 exd5 5. exd5 Bb4+ 6. P@c3 
Qe7+ 7. Be2 Bc5 8. dxc6 dxc6 9. O-O P@h3 10. gxh3 Bxh3 11. P@g2 Bxg2 
12. Kxg2 Rd8 13. B@d4 Bxd4 14. cxd4 P@g4 15. Kg1 gxf3 16. Bxf3 P@e4 17. Bh1 
N@h3+ 18. Kg2 B@f3+ 19. Qxf3 exf3+ 20. Kxh3 Q@g4# 
{Ephemera checkmated} 0-1

[Event "fics rated crazyhouse match"]
[Site "fics, Oklahoma City, OK USA"]
[Date "2000.01.24"]
[White "Igy"]
[WhiteElo "2248"]
[Black "Ephemera"]
[BlackElo "2183"]
[TimeControl "180+0"]
[Result "1-0"]

1. e4 e5 2. Nf3 Nc6 3. Bc4 Bc5 4. c3 d6 5. O-O Bg4 6. d4 
exd4 7. Bxf7+ Kf8 8. Bxg8 Rxg8 9. P@f7 Kxf7 10. Ng5+ Qxg5 11. Bxg5 Bxd1 
12. cxd4 Nxd4 13. Q@e7+ Kg6 14. N@f4# 
{Ephemera checkmated} 1-0